 Dungeon Crawl Stone Soup version 0.18.1-5-g4a78601 (webtiles) character file.

21996 Loki the Unseen (level 12, 58/58 HPs)
             Began as a Vine Stalker Enchanter on May 12, 2016.
             Was a High Priest of Okawaru.
             Quit the game in a labyrinth.
             The game lasted 01:17:15 (13391 turns).

Loki the Unseen (Vine Stalker Enchanter)           Turns: 13391, Time: 01:17:16

Health: 58/58      AC: 12    Str: 12    XL:     12   Next: 95%
Magic:  23/23      EV: 15    Int: 15    God:    Okawaru [*****.]
Gold:   788        SH:  7    Dex: 19    Spells: 7 memorised, 7 levels left

rFire  . . .     SeeInvis .     b - +1 dagger (drain)
rCold  + . .     Gourm    .     i - +1 robe
rNeg   . . .     Faith    .     M - +1 buckler
rPois  .         Spirit   +     P - +2 hat
rElec  .         Dismiss  .     w - +1 cloak
rCorr  .         Reflect  .     (no gloves)
SustAt .         Harm     .     W - +0 pair of boots
MR     +....                    (no amulet)
Stlth  +++++++...               y - ring of protection from cold
                                c - +4 ring of protection

@: somewhat resistant to hostile enchantments, extremely stealthy
A: fangs 3, regeneration 3, magic shield, antimagic bite, no device heal 3, rot
immunity
a: Heroism, Finesse, Renounce Religion


You were in a labyrinth.
You worshipped Okawaru.
Okawaru was extremely pleased with you.
You were near starving.

You visited 2 branches of the dungeon, and saw 15 of its levels.
You also visited: Labyrinth and Ice Cave.

You collected 788 gold pieces.

Inventory:

Hand Weapons
 a - the +2 rapier of Power {venom, rF+ Int+2}
   (You found it on level 6 of the Dungeon)

   It poisons the flesh of those it strikes.
   It affects your intelligence (+2).
   It protects you from fire.
 b - a +1 dagger of draining (weapon)
 v - a +2 hunting sling of flaming
 z - a +1 blowgun
Missiles
 p - 72 poisoned needles
 A - 7 tomahawks (quivered)
 E - 100 sling bullets
 H - 18 needles of confusion
 J - 2 needles of sleeping
 Q - 3 javelins
Armour
 i - a +1 robe (worn)
 w - a +1 cloak (worn)
 M - a +1 buckler (worn)
 P - a +2 hat (worn)
 W - a +0 pair of boots (worn)
Jewellery
 c - a +4 ring of protection (left hand)
 k - an uncursed ring of protection from fire
 y - a ring of protection from cold (right hand)
Wands
 f - a wand of digging (12/24)
 U - a wand of lightning (4/15)
Scrolls
 g - 4 scrolls of remove curse
 h - 4 scrolls of teleportation
 l - a scroll of fear
 o - a scroll of blinking
 r - 2 scrolls of fog
 I - 2 scrolls of torment {unknown}
 K - a scroll of silence
 Y - 2 scrolls of immolation
 Z - 2 scrolls of recharging {unknown}
Potions
 m - a potion of agility
 t - 6 potions of mutation {unknown}
 u - 5 potions of brilliance {unknown}
 x - 5 potions of curing
 B - 2 potions of magic
 F - 2 potions of haste
 X - 2 potions of might
Comestibles
 D - 3 royal jellies
 O - 12 bread rations


   Skills:
 + Level 4.6 Fighting
 + Level 4.6 Short Blades
 + Level 5.2 Throwing
 - Level 4.4 Dodging
 - Level 16.4 Stealth
 - Level 4.9 Shields
 + Level 7.2 Spellcasting
 + Level 8.6 Hexes
 - Level 1.2 Charms
 * Level 1.4 Translocations
 * Level 5.3 Air Magic
 + Level 4.6 Invocations


You had 7 spell levels left.
You knew the following spells:

 Your Spells              Type           Power        Failure   Level  Hunger
a - Corona                Hex            ####...      1%          1    None
c - Confuse               Hex            ####....     1%          3    ##.....
d - Tukima's Dance        Hex            ####....     1%          3    ##.....
h - Ensorcelled Hibernat  Hex/Ice        ###...       3%          2    None
B - Blink                 Tloc           N/A          12%         2    None
I - Silence               Hex/Air        ####......   24%         5    #####..
M - Repel Missiles        Chrm/Air       ###...       6%          2    None


Dungeon Overview and Level Annotations

Branches:
Dungeon (11/15)            Temple (0/1) D:7            Lair (4/8) D:8
    Orc (0/2) D:9
  Swamp: Lair:3-6    Shoals: Lair:3-6     Snake: Lair:3-6    Spider: Lair:3-6

Altars:
Dithmenos
Elyvilon
Fedhas
Okawaru
Pakellas
Xom

Shops:
D:5 [   D:8 (

Annotations:
D:5 PeterLawrence's ghost, novice MiFi
D:11 exclusions: hill giant and skeletal warrior, Harold
Lair:3 Maud


Innate Abilities, Weirdness & Mutations

You have razor-sharp teeth.
You regenerate.
When hurt, damage is shared between your health and your magic reserves.
Your bite disrupts and absorbs the magic of your enemies.
Potions and wands cannot restore your health.
You are immune to rotting.


Message History

The hungry ghost is lightly damaged.
The hungry ghost hits itself.
You hit the hungry ghost. You bite the hungry ghost. You drain its power.
You feel invigorated.
The hungry ghost is heavily damaged.
You strike the helpless hungry ghost from behind!
You stick the hungry ghost like a pincushion!!!
You destroy the hungry ghost!
Okawaru accepts your kill.
Found a scroll of identify.
d - a scroll of identify You now have 788 gold pieces (gained 16).
Read which item? (? for menu, Esc to quit)
Identify which item? (\ to view known items) (? for menu, Esc to quit)
As you read the scroll of identify, it crumbles to dust.
r - 2 scrolls of fog You see here a human skeleton.
You are near starving!
No exploration algorithm can help you here.
Are you sure you want to abandon this character and quit the game? (Confirm with "yes".)

#. . ###.▓
#... ## #.##▓
.. #.#.▓ ###.
#.#.▓ #..
#.#.. ▓
#.#####.###.▓
#@..........▓
▓▓▓▓▓▓▓▓▓▓▓▓▓


There were no monsters in sight!

Vanquished Creatures
  Josephine (D:11)
  Erolcha (D:8)
  An unseen horror (D:10)
  A hill giant (D:10)
  Pikel (D:5)
  An oklob plant (Lair:1)
  Maurice (D:8)
  A griffon (Lair:2)
  Psyche (D:8)
  A black mamba (Lair:1)
  Joseph (D:8)
  A spiny frog (Lair:3)
  Grinder (D:5)
  A two-headed ogre (D:9)
  7 blink frogs
  3 wyverns
  A redback (Lab)
  2 wraiths (D:11)
  26 yaks
  A hippogriff (Lair:3)
  The ghost of ThereIsNoGod the Ruffian, an amateur DrTm (D:4)
  3 hungry ghosts
  Menkaure (D:6)
  9 porcupines
  5 water moccasins
  2 slaves (D:5)
  5 orc warriors
  9 ice beasts
  3 sky beasts
  A black bear (Lair:1)
  3 phantoms
  8 ogres
  2 centaurs
  6 wolves (Lair:2)
  5 crocodiles
  2 big kobolds
  9 giant frogs
  A gnoll sergeant (D:9)
  A water moccasin skeleton (D:8)
  4 scorpions
  2 wyvern skeletons
  4 spriggan skeletons (D:10)
  10 killer bees
  8 wights
  3 howler monkeys
  A centaur zombie (D:11)
  A quasit (D:5)
  3 crimson imps
  A giant frog zombie (D:7)
  3 hounds
  A jelly (D:10)
  A giant frog skeleton (D:11)
  5 orc priests
  2 centaur skeletons
  5 iguanas
  Jessica (D:2)
  6 worker ants
  6 orc wizards
  A killer bee zombie (D:8)
  13 sheep
  A hound zombie (D:11)
  7 gnolls
  24 river rats
  8 adders
  A howler monkey skeleton (D:5)
  A shadow imp (D:7)
  An ooze (D:1)
  2 adder zombies
  2 adder skeletons (D:4)
  2 worms
  9 giant geckos
  43 orcs
  19 bats
  2 giant cockroaches (D:3)
  8 goblins
  6 hobgoblins
  2 jackals (D:2)
  23 kobolds
  4 quokkas
  A ball python (D:3)
  17 rats
  A plant (Lair:4)
395 creatures vanquished.

Vanquished Creatures (collateral kills)
  An orc (D:9)
1 creature vanquished.

Vanquished Creatures (others)
  6 fungi
  6 plants
12 creatures vanquished.

Grand Total: 408 creatures vanquished

Notes
Turn   | Place    | Note
--------------------------------------------------------------
     0 | D:1      | Loki the Vine Stalker Enchanter began the quest for the Orb.
     0 | D:1      | Reached XP level 1. HP: 9/9 MP: 4/4
    89 | D:1      | Reached XP level 2. HP: 13/13 MP: 6/6
   246 | D:1      | Reached skill level 4 in Stealth
   358 | D:1      | Reached XP level 3. HP: 16/16 MP: 7/7
   365 | D:1      | Learned a level 2 spell: Ensorcelled Hibernation
   369 | D:1      | Learned a level 3 spell: Confuse
   514 | D:2      | Noticed Jessica
   811 | D:2      | Reached XP level 4. HP: 21/21 MP: 3/8
   889 | D:2      | Killed Jessica
   982 | D:2      | Found a faded altar to an unknown god.
  1243 | D:3      | Reached skill level 5 in Stealth
  1267 | D:3      | Found a shadowy altar of Dithmenos.
  1293 | D:3      | Found a blossoming altar of Fedhas.
  1308 | D:3      | Reached XP level 5. HP: 24/24 MP: 10/10
  1941 | D:4      | Noticed an ogre
  1949 | D:4      | Learned a level 3 spell: Tukima's Dance
  1969 | D:4      | Noticed ThereIsNoGod's ghost (amateur DrTm)
  2517 | D:4      | Killed an ogre
  2599 | D:4      | Gained mutation: You heal very quickly. [Vine Stalker growth]
  2599 | D:4      | Reached XP level 6. HP: 11/28 MP: 1/11
  2943 | D:4      | Killed ThereIsNoGod's ghost
  2943 | D:4      | Reached skill level 1 in Throwing
  2943 | D:4      | Reached skill level 6 in Stealth
  2973 | D:4      | Reached skill level 5 in Hexes
  2973 | D:4      | Reached XP level 7. HP: 32/32 MP: 5/13
  3055 | D:5      | Entered Level 5 of the Dungeon
  3209 | D:5      | Noticed PeterLawrence's ghost (novice MiFi)
  3399 | D:5      | Found Kalokint's Armour Shop.
  3645 | D:5      | Noticed Pikel
  3683 | D:5      | Killed Pikel
  3683 | D:5      | Reached skill level 7 in Stealth
  3683 | D:5      | Gained mutation: You have razor-sharp teeth. [Vine Stalker growth]
  3683 | D:5      | Reached XP level 8. HP: 20/36 MP: 3/15
  3748 | D:5      | Reached skill level 16 in Stealth
  3748 | D:5      | Reached XP level 9. HP: 39/39 MP: 12/16
  3770 | D:5      | Noticed Grinder
  3777 | D:5      | Killed Grinder
  3777 | D:5      | Reached skill level 1 in Short Blades
  3919 | D:6      | Found an oddly glowing altar of Pakellas.
  4055 | D:6      | Noticed Menkaure
  4094 | D:6      | Killed Menkaure
  4240 | D:6      | Got a transparent rapier
  4241 | D:6      | Identified the cursed +2 rapier of Power {venom, rF+ Int+2} (You found it on level 6 of the Dungeon)
  4279 | D:6      | Reached skill level 1 in Fighting
  4297 | D:6      | Found an iron altar of Okawaru.
  4355 | D:6      | Became a worshipper of Warmaster Okawaru
  4608 | D:7      | Reached XP level 10. HP: 45/45 MP: 18/18
  4914 | D:7      | Got a sapphire shortbow
  4930 | D:7      | Reached * piety under Okawaru
  4931 | D:7      | Identified the cursed +0 shortbow "Plojy" {freeze, +Fly} (You found it on level 7 of the Dungeon)
  5038 | D:7      | Found a staircase to the Ecumenical Temple.
  5059 | D:7      | Reached skill level 1 in Invocations
  5262 | D:6      | Found a white marble altar of Elyvilon.
  5504 | D:8      | Noticed Erolcha
  5512 | D:8      | Killed Erolcha
  5512 | D:8      | Reached ** piety under Okawaru
  5512 | D:8      | Reached skill level 5 in Spellcasting
  5805 | D:8      | Noticed Maurice
  5815 | D:8      | Noticed Joseph
  5819 | D:8      | Killed Joseph
  5964 | D:8      | Killed Maurice
  6018 | D:8      | Found a staircase to the Lair.
  6077 | D:8      | Noticed Psyche
  6345 | D:8      | Reached *** piety under Okawaru
  6405 | D:8      | Found Huodwuz's Weapon Shop.
  6576 | D:8      | Killed Psyche
  6576 | D:8      | Reached XP level 11. HP: 51/51 MP: 11/20
  6724 | D:9      | Found a staircase to the Orcish Mines.
  6952 | D:9      | Found a shimmering altar of Xom.
  7277 | D:9      | Reached skill level 1 in Shields
  7279 | D:9      | Reached **** piety under Okawaru
  7502 | D:9      | HP: 1/52 [yak (12)]
  7505 | D:9      | Received a gift from Okawaru
  7768 | D:10     | Entered Level 10 of the Dungeon
  7941 | D:10     | Noticed a hill giant
  7946 | D:10     | Killed a hill giant
  7982 | D:10     | Noticed an unseen horror
  7993 | D:10     | Killed an unseen horror
  8200 | D:11     | Noticed Harold
  8298 | D:11     | Learned a level 5 spell: Silence
  8430 | D:11     | Noticed Josephine
  8481 | D:11     | Reached skill level 1 in Air Magic
  8508 | D:11     | Noticed a hill giant
  8670 | D:11     | Killed Josephine
  8670 | D:11     | Received a gift from Okawaru
  8791 | D:11     | Noticed a skeletal warrior
  9623 | Lair:1   | Entered Level 1 of the Lair of Beasts
  9632 | Lair:1   | Found an iron altar of Okawaru.
  9632 | Lair:1   | Noticed an oklob plant
  9690 | Lair:1   | Gained mutation: You regenerate. [Vine Stalker growth]
  9690 | Lair:1   | Reached XP level 12. HP: 57/58 MP: 19/22
  9705 | Lair:1   | Reached ***** piety under Okawaru
 10520 | Lair:2   | Received a gift from Okawaru
 10624 | Lair:2   | Found a frozen archway.
 10644 | IceCv    | Entered an ice cave
 11204 | Lair:2   | Received a gift from Okawaru
 11608 | Lair:3   | Reached skill level 5 in Throwing
 11735 | Lair:3   | Noticed Maud
 11850 | Lair:3   | Received a gift from Okawaru
 11854 | Lair:3   | Got a slimy short sword {god gift}
 11855 | Lair:3   | Identified the +2 short sword "Vokkyats" {flame, rF+} (Okawaru gifted it to you on level 3 of the Lair of Beasts)
 11939 | Lair:3   | Noticed a six-headed hydra
 12266 | Lair:3   | Learned a level 2 spell: Repel Missiles
 12269 | Lair:3   | Learned a level 2 spell: Blink
 12518 | Lair:4   | Reached skill level 5 in Air Magic
 12538 | Lair:4   | Reached skill level 1 in Charms
 12546 | Lair:4   | Reached skill level 1 in Translocations
 12640 | Lair:4   | Found a labyrinth entrance.
 12672 | Lab      | Entered a labyrinth
 13164 | Lab      | Paralysed by fainting for 12 turns
 13391 | Lab      | Quit the game

Skill      XL: |  1  2  3  4  5  6  7  8  9 10 11 12 |
---------------+-------------------------------------+-----
Stealth        | 4 5 6 7 16 | 16.4
Hexes          | 4 5 6 7 8 |  8.6
Dodging        | 2 3 4 |  4.4
Spellcasting   | 3 4 5 6 7 |  7.2
Throwing       | 1 2 3 4 5 |  5.2
Short Blades   | 1 3 4 |  4.6
Fighting       | 1 2 3 4 |  4.6
Invocations    | 2 3 4 |  4.6
Shields        | 3 4 |  4.9
Air Magic      | 2 5 |  5.3
Charms         | 1 |  1.2
Translocations | 1 |  1.4

Action                   |  1- 3 |  4- 6 |  7- 9 | 10-12 || total
-------------------------+-------+-------+-------+-------++-------
Melee: Dagger            |    38 |    32 |    70 |   235 ||   375
       Bite              |     9 |    24 |    30 |   187 ||   250
       Short sword       |    45 |    72 |    44 |       ||   161
       Rapier            |       |       |    14 |   478 ||   492
 Fire: Blowgun           |       |     1 |       |    12 ||    13
 Cast: Corona            |    26 |    12 |     5 |    13 ||    56
       Ensorcelled Hiber |     2 |     7 |     9 |   128 ||   146
       Confuse           |       |    16 |    37 |    85 ||   138
       Tukima's Dance    |       |       |       |     5 ||     5
  Use: Scroll            |       |       |     9 |    18 ||    27
       Potion            |       |       |     1 |     4 ||     5
 Stab: Sleeping          |     6 |    10 |    11 |   123 ||   150
       Confused          |       |     4 |    12 |    36 ||    52
       Distracted        |       |       |       |     1 ||     1
       Invisible         |       |       |       |     2 ||     2
  Eat: Chunk             |       |     9 |     7 |    34 ||    50
       Beef jerky        |       |       |     1 |     2 ||     3
       Royal jelly       |       |       |       |     2 ||     2
Armor: Robe              |    23 |    19 |    32 |   110 ||   184
       Skin              |       |       |       |    35 ||    35
Dodge: Dodged            |    45 |    47 |    83 |   425 ||   600
Block: Buckler           |       |       |       |   121 ||   121
